 Dungeon Crawl Stone Soup version 0.31-a0-1388-g4b2ba238e7 (webtiles) character file.

Game seed: 1704062161801804521

1811325 Sobieck the Peltast (level 26, 367/367 HPs)
             Began as a Troll Monk on Dec 23, 2023.
             Was the Champion of Cheibriados.
             Escaped with the Orb
             ... and 3 runes on Dec 24, 2023!
             The game lasted 03:53:13 (58840 turns).

Sobieck the Peltast (Troll Monk)                   Turns: 58840, Time: 03:53:14

Health: 367/367    AC: 35    Str: 56    XL:     26   Next: 33%
Magic:  25/25      EV: 32    Int: 19    God:    Cheibriados [******]
Gold:   7621       SH: 28    Dex: 30    Spells: 23/25 levels left

rFire   + .          .
                       - Unarmed
rCold   . . .        e - +2 tower shield
rNeg    + . .        (body armour currently unavailable)
rPois   ∞            (helmet restricted)
rElec   +            j - +4 dragonskin cloak
rCorr   +            (gloves unavailable)
SInv    .            (boots unavailable)
Will    ++...        d - amulet "Kuomm" {Faith ^Fragile rCorr Str+7 Dex+3}
Stlth   +            g - ring of the Hare {EV+10}
HPRegen 1.61/turn    c - ring "Duf Socw" {rF+ rC+ rCorr}
MPRegen 0.19/turn

%: clarity, faith
@: statue-form, studying Staves, very slow
A: slow and powerful, torment resistance 1, boosted hp, large, unfitting armour,
claws 3, regeneration 1, (shaggy fur 1), (tough skin 1), talons 1, clarity,
deterioration 1, dopey 1, low MP 2, strong-willed 1, cold vulnerability 1,
inability to drink after injury 1
0: Orb of Zot
}: 3/15 runes: decaying, silver, gossamer
a: Begin Untransformation, Renounce Religion, Bend Time, Temporal Distortion,
Slouch, Step From Time


You escaped.
You worshipped Cheibriados.
Cheibriados was exalted by your worship.
You were a living statue of rough stone.
You visited 10 branches of the dungeon, and saw 48 of its levels.
You visited 1 bazaar.
You also visited: Trove and Bailey.

You collected 11004 gold pieces.
You spent 3383 gold pieces at shops.

Inventory:

Missiles
 t - 25 boomerangs
 v - 10 javelins
 w - 78 large rocks
 x - a silver javelin
 Z - 4 throwing nets
Armour
 e - a +2 tower shield (worn)
 f - a +2 cloak of stealth
 j - the +4 dragonskin cloak (worn)
   (You took it off Tiamat on level 4 of the Realm of Zot)

   Avatar's Aegis: It grants the wearer a chance to resist fire, cold, poison,
   electricity, acid, and negative energy.
Magical Staves
 E - a staff of alchemy
Jewellery
 c - the ring "Duf Socw" (right claw) {rF+ rC+ rCorr}
   (You took it off a deep elf archer on level 3 of the Elven Halls)

   [ring of resist corrosion]

   rF+:       It protects you from fire.
   rC+:       It protects you from cold.
   rCorr:     It protects you from acid and corrosion.
 d - the amulet "Kuomm" (around neck) {Faith ^Fragile rCorr Str+7 Dex+3}
   (You acquired it on level 5 of the Dungeon)

   [amulet of faith]

   Faith:     It allows you to gain divine favour quickly.
   Str+7:     It affects your strength (+7).
   Dex+3:     It affects your dexterity (+3).
   rCorr:     It protects you from acid and corrosion.
   ^Fragile:  It will be destroyed if unequipped.
 g - the ring of the Hare (left claw) {EV+10}
   (You found it in a treasure trove)

   [ring of evasion]

   EV+10:     It affects your evasion (+10).
 m - a ring of willpower
 p - the amulet of Loigoje {Acrobat rC+ Int+4 Stlth-}
   (You took it off a rakshasa on level 3 of the Depths)

   [amulet of the acrobat]

   Acrobat:   It increases your evasion while moving and waiting.
   Int+4:     It affects your intelligence (+4).
   rC+:       It protects you from cold.
   Stlth-:    It makes you less stealthy.
 s - a ring of see invisible
 A - the ring "Lujekaj" {rF+ Int+5}
   (You found it in a treasure trove)

   [ring of protection from fire]

   Int+5:     It affects your intelligence (+5).
   rF+:       It protects you from fire.
 G - a ring of flight
 H - the ring of Midsummer {rElec rN+ Int+5}
   (You found it in a treasure trove)

   [ring of positive energy]

   Int+5:     It affects your intelligence (+5).
   rElec:     It insulates you from electricity.
   rN+:       It protects you from negative energy.
 L - the ring "Pejoajaa" {rPois Int+2 Dex+5 Slay+2}
   (You took it off a deep elf zephyrmancer on level 3 of the Elven Halls)

   [ring of poison resistance]

   Int+2:     It affects your intelligence (+2).
   Dex+5:     It affects your dexterity (+5).
   Slay+2:    It affects your accuracy & damage with ranged weapons and melee
   (+2).
   rPois:     It protects you from poison
Talismans
 h - the storm talisman of Cucritei {rF+}
   (You found it on level 5 of the Vaults)

   [storm talisman]

   rF+:       It protects you from fire.
 y - a granite talisman (active)
 J - a talisman of death
 V - a dragon-blood talisman
Wands
 q - a wand of mindburst (74)
 u - a wand of light (38)
 D - a wand of digging (31)
 I - a wand of iceblast (48)
Scrolls
 b - 3 scrolls of blinking
 i - 5 scrolls of fog
 r - 3 scrolls of poison
 N - 10 scrolls of immolation
 O - 2 scrolls of fear
 P - 13 scrolls of vulnerability
 R - 37 scrolls of identify
 S - 6 scrolls of noise
 T - 15 scrolls of teleportation
 U - 2 scrolls of butterflies
 W - 2 scrolls of silence {!r}
Potions
 a - 2 potions of invisibility
 k - 2 potions of berserk rage
 l - 2 potions of mutation
 n - 7 potions of resistance
 o - 12 potions of ambrosia
 z - a potion of might
 B - 3 potions of attraction
 C - 5 potions of magic
 F - 5 potions of heal wounds
 M - 7 potions of enlightenment
 Q - 14 potions of curing
Miscellaneous
 K - a phantom mirror
 X - a box of beasts
 Y - a tin of tremorstones (2/2)


   Skills:
 - Level 20.0 Fighting
 + Level 16.0 Throwing
 - Level 12.0 Dodging
 * Level 20.8 Shields
 - Level 20.0 Unarmed Combat
 - Level 7.0 Translocations
 - Level 13.0 Invocations
 - Level 18.8 Shapeshifting


You had 23 spell levels left.
You knew the following spells:

 Your Spells              Type           Power      Damage    Failure   Level
a - Lesser Beckoning      Tloc           52%        N/A       2%          2

Your spell library contained the following spells:

 Spells                   Type           Power      Damage    Failure   Level
 Apportation              Tloc           52%        N/A       1%          1
 Blink                    Tloc           52%        N/A       2%          2
 Gell's Gravitas          Tloc           26%        N/A       4%          3
 Teleport Other           Tloc           26%        N/A       4%          3
 Momentum Strike          Conj/Tloc      26%        3d8       9%          2
 Manifold Assault         Tloc           26%        N/A       14%         4
 Passage of Golubria      Tloc           26%        N/A       14%         4
 Volatile Blastmotes      Fire/Tloc      26%        2d12      19%         3
 Freeze                   Ice            0%         1d3       26%         1
 Kiss of Death            Conj/Necr      0%         2d5       26%         1
 Magic Dart               Conj           0%         1d3       26%         1
 Necrotise                Necr           0%         1d4       26%         1
 Slow                     Hex            0%         N/A       26%         1
 Sting                    Conj/Alch      0%         1d3       26%         1
 Summon Small Mammal      Summ           0%         N/A       26%         1
 Call Imp                 Summ           0%         N/A       36%         2
 Cigotuvi's Dreadful Rot  Necr/Alch/Air  0%         N/A       36%         2
 Jinxbite                 Hex            0%         N/A       36%         2
 Mercury Vapours          Alch/Air       0%         N/A       36%         2
 Searing Ray              Conj           0%         2d4       36%         2
 Dimensional Bullseye     Hex/Tloc       6%         N/A       52%         4
 Call Canine Familiar     Summ           0%         N/A       58%         3
 Confusing Touch          Hex            0%         N/A       58%         3
 Dazzling Flash           Conj/Hex       0%         N/A       58%         3
 Frozen Ramparts          Ice            0%         1d1       58%         3
 Fugue of the Fallen      Necr           0%         N/A       58%         3
 Hailstorm                Conj/Ice       0%         3d5       58%         3
 Mephitic Cloud           Conj/Alch/Air  0%         N/A       58%         3
 Ozocubu's Armour         Ice            0%         N/A       58%         3
 Sigil of Binding         Hex            0%         N/A       58%         3
 Stone Arrow              Conj/Erth      0%         3d7       58%         3
 Tukima's Dance           Hex            0%         N/A       58%         3
 Vampiric Draining        Necr           0%         2d6       58%         3
 Dispersal                Tloc           13%        N/A       91%         6
 Anguish                  Hex/Necr       0%         N/A       94%         4
 Animate Armour           Summ/Erth      0%         N/A       94%         4
 Animate Dead             Necr           0%         N/A       94%         4
 Brom's Barrelling Bould  Conj/Erth      0%         2d3       94%         4
 Cause Fear               Hex            0%         N/A       94%         4
 Dispel Undead            Necr           0%         3d6       94%         4
 Fulminant Prism          Conj/Alch      0%         3d5       94%         4
 Ignite Poison            Fire/Alch      0%         N/A       94%         4
 Leda's Liquefaction      Alch/Erth      0%         N/A       94%         4
 Petrify                  Alch/Erth      0%         N/A       94%         4
 Sticky Flame             Fire/Alch      0%         2d4       94%         4
 Summon Lightning Spire   Summ/Air       0%         N/A       94%         4
 Agony                    Necr           0%         N/A       100%        5
 Alistair's Intoxication  Alch           0%         N/A       100%        5
 Borgnjor's Vile Clutch   Necr/Erth      0%         N/A       100%        5
 Fireball                 Conj/Fire      0%         3d3       100%        5
 Freezing Cloud           Conj/Ice/Air   0%         6-21      100%        5
 Irradiate                Conj/Alch      0%         3d11      100%        5
 Iskenderun's Battlesphe  Conj           0%         2d6       100%        5
 Lee's Rapid Deconstruct  Erth           0%         3d4*      100%        5
 Metabolic Englaciation   Hex/Ice        0%         N/A       100%        5
 Silence                  Hex/Air        0%         N/A       100%        5
 Summon Mana Viper        Hex/Summ       0%         N/A       100%        5
 Yara's Violent Unravell  Hex/Alch       0%         3d3       100%        5
 Bombard                  Conj/Erth      0%         9d1       100%        6
 Conjure Ball Lightning   Conj/Air       0%         3x3d6     100%        6
 Death Channel            Necr           0%         N/A       100%        6
 Starburst                Conj/Fire      0%         6d3       100%        6
 Summon Cactus Giant      Summ           0%         N/A       100%        6
 Enfeeble                 Hex            0%         N/A       100%        7
 Orb of Destruction       Conj           0%         9d5       100%        7
 Spellforged Servitor     Conj/Summ      0%         N/A       100%        7
 Summon Hydra             Summ           0%         N/A       100%        7
 Discord                  Hex            0%         N/A       100%        8
 Disjunction              Tloc           13%        N/A       100%        8
 Lehudib's Crystal Spear  Conj/Erth      0%         10d2      100%        8
 Maxwell's Capacitive Co  Air            0%         ∞         100%        8
 Chain Lightning          Conj/Air       0%         N/A       100%        9
 Dragon's Call            Summ           0%         N/A       100%        9


Dungeon Overview and Level Annotations

Branches:
Dungeon (15/15)            Temple (1/1) D:5            Lair (5/5) D:11
  Swamp (4/4) Lair:3       Spider (4/4) Lair:2        Slime (0/5) Lair:5
    Orc (2/2) D:10            Elf (3/3) Orc:2        Vaults (5/5) D:13
  Crypt (0/3) Vaults:3     Depths (4/4) D:15            Zot (5/5) Depths:4
 Bailey (visited)

Altars:
Ashenzari
Cheibriados
Dithmenos
Elyvilon
Fedhas
Gozag
Hepliaklqana
Kikubaaqudgha
Makhleb
Nemelex Xobeh
Okawaru
Qazlal
Ru
Sif Muna
Trog
Uskayaw
Vehumet
Wu Jian
Xom
Yredelemnul
Zin
The Shining One

Shops:
D:9 (   D:13 *   Orc:2 *[:(   Elf:3 =   Vaults:2 (   Vaults:3 ?   Vaults:4 [*
Depths:1 =*=

Portals:
Hell: Depths:1 Depths:2 Depths:3 Depths:4
Abyss: Depths:3
Pandemonium: Depths:2 Depths:3
Ziggurat: Depths:3

Annotations:
D:3 1 runed translucent door, Crazy Yiuf
D:10 1 runed translucent door
D:11 3 runed translucent doors, bmb222's ghost, journeyman OnSh
D:14 2 transporters
Elf:2 3 runed translucent doors
Vaults:4 exclusion: downstairs
Zot:1 6 transporters
Zot:5 exclusion: orange crystal statue


Innate Abilities, Weirdness & Mutations

You are a living statue of rough stone.
Your actions are slow, but your melee attacks are powerful.
You are resistant to unholy torment.
Your maximum health is greatly increased.
Your equipment is partially melded.
You are too large for most types of armour.
You are immune to poison.
You have claws for hands.
Your natural rate of healing is unusually fast.
((You are covered in fur. (AC +1)))
((You have tough skin. (AC +1)))
You have sharp toenails.
You possess an exceptional clarity of mind.
Your body sometimes deteriorates upon taking damage.
You are dopey. (Int -2)
Your magical capacity is very low. (-20% MP)
You are strong-willed. (Will+)
You are vulnerable to cold. (rC-)
You occasionally lose the ability to drink potions when taking damage.


Message History

Your Throwing skill increases to level 16!
Unknown command.
Unknown command.
What level of the Dungeon? (default 1, ? - help)
A hellwing comes into view.
Danger!
You block the hellwing's attack. x4; The hellwing completely misses you. x2
You claw the hellwing! x2
The hellwing is heavily wounded.
You block the hellwing's attack. The hellwing completely misses you.
Unknown command.
You eviscerate the hellwing!!!!
You kill the hellwing!
Cheibriados appreciates the change of pace.
A Brimstone Fiend comes into view.
The Brimstone Fiend moves out of view.
Unknown command.
There is a stone staircase leading up here.
Unknown command.
Unknown command.
You climb upwards.
Level annotation: 1 runed translucent door, Crazy Yiuf
There is a stone staircase leading down here.
Unknown command.
Unknown command.
Unknown command.
What level of the Dungeon? (default 1, ? - help) HP restored.
There is a stone staircase leading up here.
You climb upwards.
There is a stone staircase leading down here.
There is a stone staircase leading up here.
You climb upwards.
There is a stone staircase leading down here.
Unknown command.
Unknown command.
A sun demon comes into view.
Danger!
The sun demon moves out of view.
Danger!
You block the sun demon's attack. x3
Unknown command.
You eviscerate the sun demon!!!!
You kill the sun demon!
Cheibriados appreciates the change of pace.
No target in view!
Okay, then.
There is a staircase leading out of the dungeon here.
Unknown command.
You have escaped!

### #####8##### ####
########....8....### #...
#####...##....)........##
#...
......###...............##
#...
.#######.................#
#... ##
##......####.....§.## #...
#.§§..### ###..§§§.# #>..
#§§§.## ##§§§§§# #...
#§§.## ##§§..# #... ##§§§#
#§§§.####...


There were no monsters in sight!

Vanquished Creatures
  A seraph (D:9)
  Tiamat (Zot:4)
  6 orbs of fire
  3 ancient liches
  A dread lich (Zot:5)
  A juggernaut (Depths:2)
  the Lernaean hydra (Swamp:4)
  Saint Roka (Vaults:5)
  8 Killer Klowns
  Margery (Vaults:5)
  A curse toe (Zot:3)
  Nikola (Depths:2)
  8 golden dragons
  4 pandemonium lords
  Jory (Depths:3)
  4 electric golems
  2 Brimstone Fiends (D:8)
  Rupert (D:14)
  2 doom hounds (Zot:1)
  A walking crystal tome (Depths:3)
  2 Tzitzimimeh
  2 hellephants (Depths:4)
  32 Orb Guardians
  A Hell Sentinel (D:8)
  6 liches
  Grunn (Zot:1)
  A walking divine tome (Depths:3)
  6 titans
  2 deep elf master archers (Elf:3)
  18 tentacled monstrosities
  A searing wretch (Vaults:5)
  4 quicksilver dragons
  3 Executioners
  2 deep elf blademasters (Elf:3)
  10 death cobs
  9 sphinxes
  5 shadow dragons
  2 thorn hunters
  Kirke (Lair:3)
  8 tengu reavers
  Agnes (Elf:2)
  The ghost of Sobieck the Marksdemigod, an adept DgHu (Spider:3)
  3 protean progenitors
  13 storm dragons
  A daeva (D:9)
  2 fenstrider witches
  2 iron dragons
  9 draconian scorchers
  5 draconian knights
  7 draconian monks
  A demonspawn warmonger (D:15)
  9 fire giants
  17 vault wardens
  5 emperor scorpions
  7 frost giants
  2 juggernaut zombies (Depths:3)
  4 draconian shifters
  9 ghost moths
  6 deep elf sorcerers
  4 ghouls
  A balrug (D:15)
  2 deep elf elementalists (Elf:3)
  3 draconian stormcallers
  A cacodemon (D:10)
  5 draconian annihilators
  24 ironbound preservers
  A broodmother (Spider:4)
  6 orc warlords
  6 very ugly things
  A demonspawn blood saint (D:15)
  A spriggan defender (Depths:2)
  7 war gargoyles
  10 stone giants
  5 formless jellyfish
  A quicksilver ooze (Lair:5)
  12 dire elephants
  10 ironbound thunderhulks
  3 vampire knights
  11 purple draconians
  Azrael (Spider:2)
  10 green draconians
  6 eleionomae
  8 deep elf demonologists
  12 white draconians
  10 deep elf death magi
  8 black draconians
  4 deep elf annihilators
  13 red draconians
  4 spark wasps
  2 bunyips
  11 ettins
  9 yellow draconians
  A shambling mangrove (Swamp:1)
  3 jiangshi (Depths:1)
  An entropy weaver (Spider:2)
  6 fire dragons
  8 deep elf high priests
  Josephine (Spider:1)
  12 yaktaur captains
  5 ice dragons
  5 great orbs of eyes
  2 rakshasas
  34 vault guards
  13 ghost crabs
  7 alligators
  3 peacekeepers (Vaults:4)
  3 ogre magi
  8 ironbound frosthearts
  6 boulder beetles
  21 hydras
  2 death knights (Vaults:3)
  2 centaur warriors
  A catoblepas (Lair:1)
  2 jorogumos
  An anaconda (Lair:4)
  6 spriggan air magi
  10 two-headed ogres
  3 death yaks (Lair:5)
  2 radroaches
  13 dancing weapons
  12 tengu warriors
  12 deep troll earth magi
  4 vampire magi
  10 deep troll shamans
  7 hell hogs (Depths:4)
  5 demonic crawlers
  7 orc high priests
  A soul eater (Depths:3)
  2 skysharks
  4 spriggan berserkers
  19 hell knights
  21 deep elf knights
  A sun demon (D:1)
  8 iron trolls
  A salamander mystic (Depths:4)
  A fire crab (Lair:3)
  5 pharaoh ants
  A shadow wraith (Vaults:3)
  Lodul (D:11)
  Amaemon (Lair:2)
  17 swamp dragons
  10 goliath frogs
  3 skeletal warriors (D:14)
  A glowing orange brain (Depths:2)
  A skyshark (shapeshifter) (Vaults:5)
  An orb spider (shapeshifter) (Vaults:5)
  5 spriggan druids
  3 death drakes (shapeshifter)
  58 deep trolls
  9 bog bodies
  3 orb spiders
  A flayed ghost (Depths:3)
  A spectral hydra (Lair:3)
  17 deep elf archers
  13 lindwurms
  A shadow dragon zombie (Depths:3)
  2 tengu zombies
  An orange crystal statue (Vaults:3)
  6 necromancers
  6 phantasmal warriors
  7 steelbarb worms
  27 ironbound convokers
  22 orc knights
  21 deep elf zephyrmancers
  25 deep elf pyromancers
  6 arcanists
  8 orc sorcerers
  28 ugly things
  4 shining eyes
  5 will-o-the-wisps
  16 wolf spiders
  A fire giant zombie (Depths:1)
  A shining eye (shapeshifter) (Vaults:5)
  30 moths of wrath
  A tengu skeleton (Depths:1)
  6 cyclopes
  Maurice (Orc:1)
  5 large abominations (Zot:2)
  2 manticores
  4 salamanders (Depths:4)
  An eye of devastation (shapeshifter) (Vaults:5)
  7 kobold blastminers
  38 elephants
  2 rust devils
  2 eyes of devastation (Depths:3)
  11 vault sentinels
  9 black mambas
  2 gargoyles
  3 torpor snails
  Jeremiah (D:9)
  2 orange demons
  A freezing wraith (Vaults:5)
  4 rime drakes
  25 cane toads
  4 efreet
  An ice devil (Zot:4)
  A golden dragon simulacrum (Depths:3)
  6 komodo dragons
  40 yaktaurs
  3 red devils
  5 tengu conjurers
  Psyche (D:11)
  11 trolls
  3 meliai (Spider:4)
  2 hellwings
  23 tarantellas
  12 tyrant leeches
  A wind drake (shapeshifter) (Depths:2)
  28 hornets
  3 glass eyes
  5 polar bears
  4 dream sheep (Lair:4)
  A dream sheep (shapeshifter) (Depths:4)
  18 blink frogs
  13 jumping spiders
  29 slime creatures
  Sigmund (D:3)
  3 centaur simulacra
  18 spriggans
  3 water elementals
  5 air elementals
  19 culicivoras
  A ynoxinul (Zot:4)
  3 wyverns
  7 wraiths
  6 hogs (Swamp:1)
  46 yaks
  3 wargs
  3 fire elementals (Spider:2)
  4 basilisks
  38 redbacks
  17 vampire mosquitoes
  Menkaure (D:4)
  A steam dragon (Lair:2)
  2 chaos spawn
  15 swamp worms
  3 acid dragons
  15 water moccasins
  7 hell hounds
  10 swamp drakes
  A sky beast (D:7)
  A spectral blink frog (Lair:3)
  25 ogres
  59 orc warriors
  2 ice beasts
  5 black bears
  5 boggarts (Vaults:3)
  9 centaurs
  5 wolves (Lair:1)
  19 bullfrogs
  A necrophage (Swamp:2)
  6 earth elementals
  A gnoll sergeant (D:11)
  2 scorpions
  3 killer bees (D:10)
  A crimson imp (D:4)
  A hound (D:7)
  5 jellies
  31 orc priests
  A gnoll bouda (D:5)
  Ijyb (D:4)
  Jessica (D:3)
  2 iguanas
  4 hell rats (Lair:3)
  33 orc wizards
  5 adders
  19 gnolls
  A shadow imp (D:5)
  A bombardier beetle (D:3)
  2 white imps (D:6)
  2 ufetubi (D:6)
  The ghost of bungle the Covert, a weakling GnDe (D:5)
  3 dart slugs
  116 orcs
  15 ball pythons
  6 endoplasms
  2 giant cockroaches (D:2)
  15 hobgoblins
  6 jackals
  2 quokkas
  8 bats
  4 frilled lizards
  20 goblins
  A goblin zombie (D:4)
  4 hobgoblin zombies (D:4)
  7 kobolds
  A kobold skeleton (D:4)
  A kobold zombie (D:4)
  2 orc skeletons (D:4)
  An orc zombie (D:4)
  10 rats
  An aspiring flesh (Zot:4)
2197 creatures vanquished.

Vanquished Creatures (others)
  A hell hog (Depths:4)
  A deep elf knight (Elf:2)
  A lindwurm (Vaults:3)
  A smoke demon (D:9)
  A tyrant leech (Swamp:3)
  3 bloated husks
  A human (Swamp:1)
  2 ball lightnings (D:9)
  8 foxfires
19 creatures vanquished.

Grand Total: 2216 creatures vanquished

Notes
Turn   | Place    | Note
-------+----------+-------------------------------------------
     0 | D:1      | Sobieck the Troll Monk began the quest for the Orb.
     0 | D:1      | Reached XP level 1. HP: 22/22 MP: 0/0
   114 | D:1      | Reached XP level 2. HP: 29/29 MP: 1/1
   361 | D:1      | Found a faded altar of an unknown god.
   372 | D:1      | Reached XP level 3. HP: 35/36 MP: 2/2
   711 | D:2      | Identified the +8 short sword of Togan {flame, rElec rPois
                  | rN+ Will-}
  1114 | D:3      | Reached XP level 4. HP: 44/44 MP: 3/3
  1341 | D:3      | Noticed Sigmund
  1352 | D:3      | Killed Sigmund
  1353 | D:3      | Reached skill level 6 in Unarmed Combat
  1353 | D:3      | Reached XP level 5. HP: 42/50 MP: 4/4
  1353 | D:3      | Reached XP level 6. HP: 49/59 MP: 5/5
  1502 | D:3      | Noticed Jessica
  1506 | D:3      | Killed Jessica
  1622 | D:3      | Found a runed translucent door.
  1623 | D:3      | Noticed Crazy Yiuf
  1808 | D:4      | Found a glowing golden altar of the Shining One.
  1896 | D:4      | Noticed Menkaure
  1907 | D:4      | Killed Menkaure
  1908 | D:4      | Reached XP level 7. HP: 23/66 MP: 6/6
  2191 | D:4      | Noticed Ijyb
  2197 | D:4      | Killed Ijyb
  2344 | D:4      | Reached skill level 9 in Unarmed Combat
  2543 | D:5      | Entered Level 5 of the Dungeon
  2577 | D:5      | Identified 2 scrolls of acquirement
  2577 | D:5      | Acquired the amulet "Kuomm" {Faith ^Fragile rCorr Str+7
                  | Dex+3}
  2584 | D:5      | Acquired a manual of Unarmed Combat
  2688 | D:5      | Reached XP level 8. HP: 63/74 MP: 7/7
  2690 | D:5      | Found a staircase to the Ecumenical Temple.
  2703 | Temple   | Entered the Ecumenical Temple
  2712 | Temple   | Became a worshipper of Cheibriados the Contemplative
  2712 | Temple   | Reached * piety under Cheibriados
  2712 | Temple   | Reached ** piety under Cheibriados
  2895 | D:5      | Found a runed translucent door.
  2899 | D:5      | Noticed bungle's ghost (weakling GnDe)
  3159 | D:5      | Reached skill level 1 in Invocations
  3166 | D:5      | Reached skill level 3 in Fighting
  3177 | D:6      | Reached skill level 12 in Unarmed Combat
  3237 | D:5      | Reached skill level 3 in Invocations
  3239 | D:5      | Reached XP level 9. HP: 53/84 MP: 10/10
  3496 | D:5      | Killed bungle's ghost
  3597 | D:6      | Reached *** piety under Cheibriados
  3799 | D:6      | Identified the +3 sling "Tupium" {speed, Dex+5}
  4690 | D:7      | Found a broken altar of Ashenzari.
  4979 | D:7      | Found a flagged portal.
  4983 | D:7      | Reached **** piety under Cheibriados
  4995 | Bailey   | Entered a bailey
  5178 | Bailey   | Reached skill level 6 in Fighting
  5180 | Bailey   | Noticed an orc knight
  5186 | Bailey   | Reached ***** piety under Cheibriados
  5197 | Bailey   | Killed an orc knight
  5198 | Bailey   | Reached XP level 10. HP: 48/100 MP: 12/12
  5287 | Bailey   | Noticed an orc warlord
  5300 | Bailey   | Killed an orc warlord
  5301 | Bailey   | Reached skill level 15 in Unarmed Combat
  5441 | Bailey   | Got the Precepts of Brilliant Transmogrification
  5446 | Bailey   | Reached skill level 6 in Dodging
  5446 | Bailey   | Reached XP level 11. HP: 109/109 MP: 12/15
  6042 | D:7      | Found a radiant altar of Vehumet.
  6720 | D:8      | Paralysed by a hornet for 1 turns
  6947 | D:9      | Noticed Jeremiah
  7146 | D:9      | Killed Jeremiah
  7229 | D:9      | Noticed a two-headed ogre
  7238 | D:9      | Killed a two-headed ogre
  7512 | D:9      | Noticed a +0 great mace
  7514 | D:9      | Found Mecisy's Weapon Shoppe.
  7516 | D:9      | Noticed a +0 demon blade
  7518 | D:9      | Noticed a two-headed ogre
  7524 | D:9      | Killed a two-headed ogre
  7846 | D:10     | Entered Level 10 of the Dungeon
  7869 | D:10     | Reached XP level 12. HP: 118/118 MP: 16/16
  7886 | D:10     | Reached ****** piety under Cheibriados
  7919 | D:10     | Found a staircase to the Orcish Mines.
  7980 | D:10     | Noticed a two-headed ogre
  7996 | D:10     | Killed a two-headed ogre
  8061 | D:10     | Found a sparkling altar of Nemelex Xobeh.
  8178 | D:10     | Found a runed translucent door.
  8472 | D:11     | Found a runed translucent gate.
  8472 | D:11     | Found a runed translucent gate.
  8473 | D:11     | Found a runed translucent gate.
  8475 | D:11     | Noticed bmb222's ghost (journeyman OnSh)
  8482 | D:11     | Found a staircase to the Lair.
  8754 | D:11     | Noticed Lodul
  8765 | D:11     | Killed Lodul
  9176 | D:11     | Noticed a two-headed ogre
  9185 | D:11     | Killed a two-headed ogre
  9219 | D:11     | Noticed Psyche
  9363 | D:11     | Killed Psyche
  9526 | D:12     | Noticed a centaur warrior
  9614 | Lair:1   | Entered Level 1 of the Lair of Beasts
  9653 | Lair:1   | Noticed a catoblepas
  9664 | Lair:1   | Killed a catoblepas
  9690 | Lair:1   | Reached skill level 9 in Invocations
 10218 | Lair:1   | Identified the +7 war axe of Zaleidgh {heavy, *Corrode rN+
                  | MP-9 Dex+6}
 10401 | Lair:2   | Reached XP level 13. HP: 99/130 MP: 19/19
 10403 | Lair:2   | Reached skill level 9 in Fighting
 11193 | Lair:2   | Noticed Amaemon
 11201 | Lair:2   | Killed Amaemon
 11229 | Lair:2   | Found a hole to the Spider Nest.
 11573 | Lair:3   | Noticed a dire elephant
 11583 | Lair:3   | Killed a dire elephant
 11629 | Lair:3   | Reached skill level 9 in Dodging
 11854 | Lair:3   | Found a staircase to the Swamp.
 12494 | Lair:4   | Reached XP level 14. HP: 135/144 MP: 21/21
 12860 | Lair:4   | You fall into a shaft and drop 1 floor!
 12860 | Lair:5   | Entered Level 5 of the Lair of Beasts
 13184 | Lair:4   | Identified the serpent talisman of Ahedyl {*Corrode rF+ rC+
                  | SInv}
 13491 | Lair:5   | Reached skill level 1 in Shapeshifting
 13550 | Lair:5   | Noticed a quicksilver ooze
 13554 | Lair:5   | Killed a quicksilver ooze
 13555 | Lair:5   | Reached skill level 3 in Shapeshifting
 13717 | Lair:5   | Acquired 858 gold pieces
 13768 | Lair:5   | Reached skill level 6 in Shapeshifting
 13910 | Lair:5   | Found a staircase to the Slime Pits.
 14286 | Lair:5   | Reached XP level 15. HP: 151/154 MP: 22/22
 15236 | D:13     | Found Durof's Assorted Antiques.
 15388 | D:13     | Found a gate to the Vaults.
 15395 | D:13     | Reached skill level 9 in Shapeshifting
 15499 | D:13     | Bought a potion of attraction for 102 gold pieces
 15499 | D:13     | Bought a potion of curing for 102 gold pieces
 15828 | D:14     | Identified the maw talisman of Xoaviymm {Will+ Dex+2}
 15828 | D:14     | Noticed Rupert
 15840 | D:14     | Killed Rupert
 16206 | D:14     | Reached skill level 12 in Invocations
 16416 | D:14     | Found a transporter.
 16549 | D:14     | Found a transporter.
 16838 | D:15     | Entered Level 15 of the Dungeon
 17202 | D:15     | Found a staircase to the Depths.
 17596 | D:15     | Found an iron altar of Okawaru.
 17600 | D:15     | Identified the +2 hand axe "Jainijy" {spect, Fly rF-
                  | Will+++ SInv}
 17820 | Orc:1    | Entered Level 1 of the Orcish Mines
 17989 | Orc:1    | Noticed Maurice
 17993 | Orc:1    | Maurice stole a ring of protection from cold
 17994 | Orc:1    | Killed Maurice
 18155 | Orc:2    | Entered Level 2 of the Orcish Mines
 18475 | Orc:2    | Found a burning altar of Makhleb.
 18546 | Orc:2    | Reached XP level 16. HP: 128/161 MP: 21/24
 18690 | Orc:2    | Reached skill level 12 in Fighting
 18911 | Orc:2    | Found a staircase to the Elven Halls.
 19082 | Orc:2    | Found Linn's General Store.
 19083 | Orc:2    | Found Omuwuwn's Book Shop.
 19085 | Orc:2    | Found Vuxex's Antique Armour Shop.
 19085 | Orc:2    | Found Tigav's Antique Weapon Boutique.
 19427 | Spider:1 | Entered Level 1 of the Spider Nest
 19427 | Spider:1 | Noticed Josephine
 19524 | Spider:1 | Killed Josephine
 20183 | Spider:1 | Identified the +1 leather armour "Mocw" {+Blink Slay+5}
 20557 | Spider:2 | Noticed Azrael
 20566 | Spider:2 | Killed Azrael
 20567 | Spider:2 | Reached skill level 12 in Dodging
 20965 | Spider:3 | Reached skill level 12 in Shapeshifting
 21036 | Spider:3 | Noticed Sobieck's ghost (adept DgHu)
 21047 | Spider:3 | Found a runed translucent door.
 21702 | Spider:3 | Killed Sobieck's ghost
 21756 | Spider:4 | Entered Level 4 of the Spider Nest
 22196 | Spider:4 | Reached XP level 17. HP: 178/178 MP: 4/25
 23200 | Spider:4 | Got a gossamer rune of Zot
 23460 | Swamp:1  | Entered Level 1 of the Swamp
 23491 | Swamp:1  | Paralysed by a hornet for 3 turns
 23615 | Swamp:1  | Noticed Kirke
 23657 | Lair:3   | Killed Kirke
 24122 | Swamp:1  | HP: 5/218 [deep elf knight/+8 lajatang (11)]
 24865 | Swamp:1  | Identified the amulet "Miarig" {Acrobat Int+2}
 25130 | Swamp:1  | Identified the +4 sling of Disaster {elec, Str+4}
 25175 | Swamp:1  | Identified the +1 mace "Jisk" {flame, rF+ Int-2 Dex+7}
 25633 | Swamp:2  | Reached skill level 15 in Fighting
 25677 | Swamp:2  | Reached XP level 18. HP: 193/193 MP: 26/26
 25982 | Swamp:2  | Reached skill level 15 in Shapeshifting
 27244 | Swamp:4  | Entered Level 4 of the Swamp
 28115 | Swamp:4  | Noticed the 27-headed Lernaean hydra
 28122 | Swamp:4  | Killed the 27-headed Lernaean hydra
 28124 | Swamp:4  | HP: 10/235 [six-headed hydra (8)]
 28434 | Swamp:4  | Got a decaying rune of Zot
 28563 | Swamp:4  | Identified the ring "Vecwy" {rElec MP+9 Int-3 Dex+5}
 28828 | Elf:1    | Entered Level 1 of the Elven Halls
 28872 | Elf:1    | Found an ancient bone altar of Kikubaaqudgha.
 28900 | Elf:1    | Reached skill level 1 in Throwing
 29845 | Elf:1    | Reached skill level 3 in Throwing
 29852 | Elf:1    | Got Raggaije's Tome of the Supportive Sun
 30069 | Elf:2    | Paralysed by an air elemental for 1 turns
 30119 | Elf:2    | Acquired a ring of see invisible
 30235 | Elf:2    | Noticed Agnes
 30236 | Elf:2    | Paralysed by an air elemental for 1 turns
 30238 | Elf:2    | Killed Agnes
 30568 | Elf:2    | Reached XP level 19. HP: 205/205 MP: 27/27
 30586 | Elf:2    | Found a runed translucent gate.
 30587 | Elf:2    | Found a runed translucent gate.
 30587 | Elf:2    | Found a runed translucent gate.
 31117 | Elf:3    | Entered Level 3 of the Elven Halls
 31167 | Elf:3    | Found Ciygh's Jewellery Emporium.
 31545 | Orc:2    | Bought a book of Displacement for 264 gold pieces
 31614 | Elf:3    | Learned a level 2 spell: Lesser Beckoning
 31820 | Elf:3    | Reached skill level 1 in Translocations
 32173 | Elf:3    | Reached skill level 3 in Translocations
 32231 | Elf:3    | Identified the ring "Pejoajaa" {rPois Int+2 Dex+5 Slay+2}
 32512 | Elf:3    | Identified the +0 plate armour of Weirdness {rN+ Str+3
                  | Dex+3}
 32795 | Elf:3    | Identified the +7 sling of Atamudol {drain, rF+ Str+3}
 32795 | Elf:3    | Identified the ring "Duf Socw" {rF+ rC+ rCorr}
 32885 | Elf:3    | Identified the staff "Tiohirom" {rPois Will+ Str-5 Dex+3
                  | Alchemy}
 32899 | Elf:3    | Identified the staff of Fate {rElec rN+ Necro Air}
 33057 | Elf:3    | Got Mnoleg's Precepts of the Boggart
 33064 | Elf:3    | Identified the staff of Valour {Dex+4 Conj}
 33452 | Vaults:1 | Entered Level 1 of the Vaults
 33464 | Vaults:1 | Reached skill level 18 in Unarmed Combat
 33807 | Vaults:1 | Reached skill level 6 in Translocations
 34545 | Vaults:1 | Reached XP level 20. HP: 218/218 MP: 28/28
 35286 | Vaults:2 | Found Baev's Antique Weapon Shoppe.
 36144 | Vaults:2 | Acquired 973 gold pieces
 37337 | Vaults:3 | Reached skill level 18 in Fighting
 38129 | Vaults:3 | Found Ribog's Magic Scroll Emporium.
 38136 | Vaults:3 | Bought a scroll of blinking for 97 gold pieces
 38136 | Vaults:3 | Bought a scroll of acquirement for 676 gold pieces
 38136 | Vaults:3 | Acquired 373 gold pieces
 38213 | Vaults:3 | Found a portal to a secret trove of treasure.
 38230 | Vaults:3 | You paid a toll of 5 scrolls of fear to enter a treasure
                  | trove
 38231 | Trove    | Entered a treasure trove
 38235 | Trove    | Found the ring of the Hare {EV+10}
 38241 | Trove    | Identified the amulet of Gonuacos {rF++ Regen+ SInv}
 38243 | Trove    | Identified the ring of Midsummer {rElec rN+ Int+5}
 38245 | Trove    | Identified the ring of Unijeown {rPois Str+3 Slay+6}
 38247 | Trove    | Identified the amulet of Propriety {Faith Will+ Dex+4}
 38249 | Trove    | Identified the ring "Lujekaj" {rF+ Int+5}
 38251 | Trove    | Identified the ring "Raplo" {Ice rCorr Str-2 Int+6 SInv}
 38253 | Trove    | Identified the amulet of Ofused {Reflect Slay+3 SH+5}
 38258 | Trove    | Identified the amulet of Hoob {Acrobat rN+}
 38259 | Trove    | Identified the amulet "Zicvicou" {Faith ^Contam Harm rPois
                  | Dex+2}
 38262 | Trove    | Identified the amulet of Kogupp {Acrobat Str+4}
 38473 | Vaults:3 | Reached XP level 21. HP: 230/230 MP: 27/29
 38654 | Vaults:3 | Found a staircase to the Crypt.
 39609 | Vaults:4 | Found Imuclasch's Assorted Antiques.
 39719 | Vaults:4 | Bought a scroll of blinking for 300 gold pieces
 39719 | Vaults:4 | Bought a scroll of butterflies for 160 gold pieces
 40194 | Vaults:4 | Noticed a dread lich
 40210 | Vaults:4 | Found Tumir's Armour Shop.
 40314 | Vaults:4 | Reached skill level 18 in Shapeshifting
 40484 | Vaults:4 | Acquired 941 gold pieces
 40987 | Vaults:4 | Upgraded the game from 0.31-a0-1370-gf52a5a9ab3 to
                  | 0.31-a0-1388-g4b2ba238e7
 41253 | Depths:1 | Entered Level 1 of the Depths
 41311 | Depths:1 | Found a gateway to Hell.
 41332 | Depths:1 | Found a flickering gateway to a bazaar.
 41355 | Bazaar   | Entered a bazaar
 41355 | Bazaar   | Found Teuj's Antique Weapon Shop.
 41355 | Bazaar   | Found Sachic's Distillery.
 41362 | Bazaar   | Bought a potion of degeneration for 11 gold pieces
 41381 | Bazaar   | Found Piezewei's Antique Armour Shop.
 41429 | Bazaar   | Bought the +3 warlock's mirror {omnireflect} for 720 gold
                  | pieces
 41429 | Bazaar   | Found the +3 warlock's mirror {omnireflect}
 41455 | Bazaar   | Bought a potion of magic for 88 gold pieces
 41455 | Bazaar   | Bought a potion of curing for 33 gold pieces
 41455 | Bazaar   | Bought a potion of heal wounds for 55 gold pieces
 41455 | Bazaar   | Bought a potion of heal wounds for 55 gold pieces
 41830 | Depths:1 | Found Beoreruwo's Jewellery Boutique.
 41842 | Depths:1 | Bought a granite talisman for 720 gold pieces
 41950 | Depths:1 | Found Viumilet's Assorted Antiques.
 42120 | Depths:1 | Reached skill level 1 in Shields
 42295 | Depths:1 | Found Guacsip's Jewellery Boutique.
 42673 | Depths:1 | Reached skill level 3 in Shields
 43023 | Depths:2 | Found a one-way gate leading to the halls of Pandemonium.
 43445 | Depths:2 | Reached skill level 6 in Throwing
 43811 | Depths:2 | Noticed a juggernaut
 43817 | Depths:2 | Killed a juggernaut
 43832 | Depths:2 | Reached skill level 6 in Shields
 43863 | Depths:2 | Noticed Nikola
 43872 | Depths:2 | Killed Nikola
 43873 | Depths:2 | Reached XP level 22. HP: 210/239 MP: 26/30
 44333 | Depths:2 | Identified the +7 mace of the Magi {holy, rElec rPois rC-
                  | Will+}
 44348 | Depths:2 | Identified the staff of Crusades {rElec rF+ rC+ Dex+2 Fire
                  | Ice}
 44508 | Depths:2 | You fall into a shaft and drop 1 floor!
 44625 | Depths:3 | Identified the amulet of Loigoje {Acrobat rC+ Int+4 Stlth-}
 44980 | Depths:2 | Identified the +0 sling of Woivauly {freeze, rC+ Str+8
                  | Int-4 SInv}
 45208 | Depths:3 | Reached skill level 9 in Shields
 45413 | Depths:3 | Found a one-way gate to the infinite horrors of the Abyss.
 45517 | Depths:3 | Found a one-way gateway to a ziggurat.
 45698 | Depths:3 | Gained mutation: You are frail. (-10% HP) [a shining eye]
 45704 | Depths:3 | Gained mutation: Your health recovers twice as slowly from
                  | being drained. [a shining eye]
 45723 | Depths:3 | Lost mutation: Your health recovers twice as slowly from
                  | being drained. [potion of mutation]
 45723 | Depths:3 | Lost mutation: You are frail. (-10% HP) [potion of
                  | mutation]
 45723 | Depths:3 | Gained mutation: You possess an exceptional clarity of
                  | mind. [potion of mutation]
 45723 | Depths:3 | Gained mutation: You are partially covered in iridescent
                  | scales. (AC +2) [potion of mutation]
 45997 | Depths:4 | Entered Level 4 of the Depths
 46009 | Depths:4 | Noticed Jory
 46056 | Depths:3 | Reached skill level 9 in Throwing
 46076 | Depths:3 | Killed Jory
 46823 | Depths:4 | Reached XP level 23. HP: 249/249 MP: 31/31
 47008 | Depths:4 | Found a gate to the Realm of Zot.
 47372 | Vaults:5 | Entered Level 5 of the Vaults
 47386 | Vaults:5 | Noticed Margery
 47392 | Vaults:5 | Killed Margery
 47403 | Vaults:5 | Reached skill level 12 in Shields
 48048 | Vaults:5 | Got the Codex of Hexes and Movement
 48081 | Vaults:5 | Paralysed by an orc sorcerer for 5 turns
 48940 | Vaults:5 | Got a silver rune of Zot
 49164 | Vaults:5 | Identified the ring of Circularity {Ice Int+9}
 49491 | Vaults:5 | Noticed Saint Roka
 49495 | Vaults:5 | Paralysed by a sphinx for 2 turns
 49506 | Vaults:5 | Killed Saint Roka
 49814 | Vaults:5 | Identified the storm talisman of Cucritei {rF+}
 49969 | Vaults:5 | Identified the +8 falchion of Raguh {protect, rC+}
 50561 | Zot:1    | Entered Level 1 of the Realm of Zot
 50678 | Zot:1    | Reached XP level 24. HP: 261/261 MP: 31/31
 50874 | Zot:1    | Noticed Grunn
 50887 | Zot:1    | Killed Grunn
 51077 | Zot:1    | Reached skill level 15 in Shields
 51080 | Zot:1    | Gained mutation: You are dopey. (Int -2) [a shining eye]
 51128 | Zot:1    | Reached skill level 12 in Throwing
 51655 | Zot:1    | Found a transporter.
 51660 | Zot:1    | Found a transporter.
 51709 | Zot:1    | Found a transporter.
 51712 | Zot:1    | Found a transporter.
 51821 | Zot:1    | Found a transporter.
 51828 | Zot:1    | Found a transporter.
 52815 | Zot:2    | Identified the +0 ring mail "Socu" {rF++ Str+3}
 53083 | Zot:2    | Identified the +0 leather armour of Philately {Harm rF- rC-
                  | Dex+9}
 54540 | Zot:4    | Noticed an orb of fire
 54551 | Zot:4    | Killed an orb of fire
 55511 | Zot:4    | Reached XP level 25. HP: 273/273 MP: 29/31
 55703 | Zot:4    | Got Ereshkigal's Writings on Conjuration
 56280 | Zot:5    | Entered Level 5 of the Realm of Zot
 56467 | Zot:5    | Found the +4 dragonskin cloak
 56467 | Zot:5    | Noticed Tiamat
 56480 | Zot:4    | Killed Tiamat
 56696 | Zot:5    | Noticed an orb of fire
 56702 | Zot:5    | Gained mutation: You have sharp toenails. [an orb of fire]
 56703 | Zot:5    | Killed an orb of fire
 56934 | Zot:5    | Reached skill level 18 in Shields
 56991 | Zot:5    | Noticed an ancient lich
 56992 | Zot:5    | Noticed an orb of fire
 57002 | Zot:5    | Noticed a Killer Klown
 57005 | Zot:4    | Gained mutation: Your system is resistant to poisons.
                  | (rPois) [an orb of fire]
 57008 | Zot:4    | Killed an orb of fire
 57099 | Zot:5    | Noticed an orb of fire
 57164 | Zot:5    | Noticed a Killer Klown
 57166 | Zot:5    | Noticed a Killer Klown
 57167 | Zot:5    | Noticed a Killer Klown
 57171 | Zot:4    | Killed an ancient lich
 57174 | Zot:5    | Gained mutation: Your magical capacity is low. (-10% MP)
                  | [an orb of fire]
 57174 | Zot:5    | Gained mutation: You occasionally lose the ability to read
                  | scrolls when taking damage. [an orb of fire]
 57176 | Zot:4    | Gained mutation: Your body sometimes deteriorates upon
                  | taking damage. [an orb of fire]
 57177 | Zot:4    | Killed an orb of fire
 57190 | Zot:4    | Killed a Killer Klown
 57242 | Zot:5    | Noticed an orb of fire
 57246 | Zot:4    | Killed a Killer Klown
 57263 | Zot:4    | Gained mutation: You are clumsy. (Dex -2) [an orb of fire]
 57272 | Zot:4    | Killed an orb of fire
 57278 | Zot:4    | Killed a Killer Klown
 57304 | Zot:5    | Noticed an orb of fire
 57305 | Zot:5    | Noticed a Killer Klown
 57315 | Zot:4    | Gained mutation: You are occasionally teleported next to
                  | monsters. [an orb of fire]
 57316 | Zot:4    | Gained mutation: You are vulnerable to cold. (rC-) [an orb
                  | of fire]
 57320 | Zot:4    | Killed an orb of fire
 57321 | Zot:4    | Lost mutation: You are clumsy. (Dex -2) [potion of
                  | mutation]
 57321 | Zot:4    | Lost mutation: Your system is resistant to poisons. (rPois)
                  | [potion of mutation]
 57321 | Zot:4    | Lost mutation: You possess an exceptional clarity of mind.
                  | [potion of mutation]
 57321 | Zot:4    | Gained mutation: You possess an exceptional clarity of
                  | mind. [potion of mutation]
 57322 | Zot:4    | Lost mutation: You are occasionally teleported next to
                  | monsters. [potion of mutation]
 57322 | Zot:4    | Lost mutation: You are partially covered in iridescent
                  | scales. (AC +2) [potion of mutation]
 57322 | Zot:4    | Lost mutation: You occasionally lose the ability to read
                  | scrolls when taking damage. [potion of mutation]
 57322 | Zot:4    | Gained mutation: You have hidden genetic defects. [potion
                  | of mutation]
 57322 | Zot:4    | Gained mutation: Your magical capacity is very low. (-20%
                  | MP) [potion of mutation]
 57322 | Zot:4    | Gained mutation: You are strong-willed. (Will+) [potion of
                  | mutation]
 57323 | Zot:4    | Lost mutation: You have hidden genetic defects. [potion of
                  | mutation]
 57323 | Zot:4    | Lost mutation: You possess an exceptional clarity of mind.
                  | [potion of mutation]
 57323 | Zot:4    | Gained mutation: You possess an exceptional clarity of
                  | mind. [potion of mutation]
 57355 | Zot:5    | Noticed an ancient lich
 57356 | Zot:5    | Noticed a Killer Klown
 57357 | Zot:5    | Noticed a Killer Klown
 57364 | Zot:4    | Killed a Killer Klown
 57375 | Zot:4    | Killed a Killer Klown
 57382 | Zot:4    | Killed a Killer Klown
 57406 | Zot:4    | Killed an ancient lich
 57465 | Zot:5    | Noticed a dread lich
 57469 | Zot:5    | Killed a dread lich
 57472 | Zot:5    | Noticed an ancient lich
 57480 | Zot:5    | Killed a Killer Klown
 57482 | Zot:5    | Killed an ancient lich
 57496 | Zot:5    | Noticed a Killer Klown
 57504 | Zot:5    | Killed a Killer Klown
 57505 | Zot:5    | Reached skill level 15 in Throwing
 58076 | Zot:5    | Got the Orb of Zot
 58096 | Zot:4    | Noticed Goirugri the pandemonium lord
 58103 | Zot:4    | Killed Goirugri the pandemonium lord
 58104 | Zot:4    | Reached XP level 26. HP: 283/283 MP: 25/25
 58276 | Depths:4 | Noticed Raugivy the pandemonium lord
 58282 | Depths:4 | Killed Raugivy the pandemonium lord
 58492 | D:14     | Noticed Ylismui the pandemonium lord
 58504 | D:14     | Killed Ylismui the pandemonium lord
 58595 | D:11     | Gained mutation: You occasionally lose the ability to drink
                  | potions when taking damage. [a cacodemon]
 58624 | D:9      | Noticed a seraph
 58631 | D:9      | Killed a seraph
 58649 | D:9      | Noticed Mumodum the pandemonium lord
 58733 | D:5      | Noticed Leuneu the pandemonium lord
 58748 | D:4      | Killed Leuneu the pandemonium lord
 58840 | D:$      | Escaped with the Orb!

Illustrated notes

Levels and vault maps discovered:
D:1:      heliophobic_arrival_dark_side_of_the_moon, layout_rooms,
          nicolae_ecumenical_snake_handling, minmay_tall_x
D:2:      layout_rooms
D:3:      layout_basic, uniq_sigmund, uniq_jessica, uniq_crazy_yiuf_cottage
D:4:      layout_loops_ring, nicolae_tso_besieged_by_evil, nicolae_eternal_life,
          uniq_ijyb, uniq_menkaure
D:5:      layout_layer_cave, minmay_temple_entry_large_hall,
          ebering_ghost_sewer_d
D:6:      cheibrodos_quashed, layout_basic
D:7:      layout_gridville, general_overflow_altar, nicolae_ashenzari_skybound,
          enter_bailey_4, minmay_door_square
D:8:      layout_basic
D:9:      layout_gridville, serial_shops, nicolae_shop_mannequins, minivault_27,
          uniq_jeremiah
D:10:     cheibrodos_shockbox, layout_rooms, nemelex_diamond_rough_becter,
          david_orc_2
D:11:     layout_cave_pods, lair_entry_dummy, gammafunk_ghost_spectres,
          serial_column_ruins, column_ruins_hut_ruined, column_ruins_hut,
          column_ruins_open_small, column_ruins_columns_straight,
          column_ruins_grid_1, column_ruins_grid_2, column_ruins_open_small,
          column_ruins_open_small_water, column_ruins_open_tiny, uniq_psyche,
          uniq_lodul
D:12:     layout_roguey, gauntlet_entry_generic
D:13:     layout_roguey, david_vaults_1, serial_shops, nicolae_shop_tiny_glass
D:14:     gammafunk_worm_tunnel, layout_basic, nicolae_wwwww, uniq_rupert
D:15:     hangedman_depths_entry_try_elsewhere_first, layout_gridville,
          okawaru_ov_weapons_minmay, drop_trap
Temple:   nicolae_temple_two_arcs
Lair:1:   layout_regular_city, portal_ice_cave_entry_pillars_2,
          grunt_megastairs_4
Lair:2:   layout_hall_layers, dummy_spider_entry, nzn_random_ring,
          grunt_megastairs_2, uniq_amaemon
Lair:3:   mu_elephants_graveyard, layout_regular_city,
          nicolae_swamp_entry_spooky, minivault_27, lemuel_fruit_fields
Lair:4:   beast_lair_carwin_large_4, layout_regular_city, hellmonk_talismancer
Lair:5:   minmay_lair_end_frog_pond, layout_regular_city, slime_entry_1,
          chequers_serial_rivers_small_3, nicolae_lair_time_for_slime
Swamp:1:  bobbens_index_wilting_gardens, layout_basic_swamp,
          nicolae_swamp_orc_logging_accident, swamp_pool_1_2,
          beargit_elvish_explorers, uniq_kirke
Swamp:2:  layout_basic_swamp, evilmike_swamp_ruin_house_2
Swamp:3:  layout_basic_swamp, serial_swamp_ruin, evilmike_swamp_ruin_house_6,
          hangedman_swamp_ruin_wall, evilmike_swamp_ruin_house_4,
          swamp_pool_1_2, nicolae_swamp_bloodsuckers_inc
Swamp:4:  swamp_old_school, layout_basic_swamp, swamp_pool_5,
          nicolae_swamp_hydra_murder_den
Spider:1: layout_cave_pods, drop_trap, uniq_josephine
Spider:2: layout_spider_delve, uniq_azrael
Spider:3: layout_spider_delve, hellmonk_ghost_happy_afterlife, drop_trap,
          nicolae_spider_cling_ruins
Spider:4: spider_rune_water
Orc:1:    layout_caves, uniq_maurice
Orc:2:    st_orc_congregation, layout_caves, basic_altar
Elf:1:    layout_geoelf_diagonals, serial_sigils, serial_sigils_hangedman_snap,
          serial_sigils_hangedman_scratch, serial_sigils_hangedman_etch,
          serial_sigils_hangedman_quiver, serial_sigils_hangedman_gut,
          serial_sigils_hangedman_snap, basic_altar,
          kennysheep_underground_church
Elf:2:    nicolae_elf_blades_crystal_corner, layout_gridlike, uniq_agnes
Elf:3:    elf_hall_gauntlet_wide, layout_rooms, serial_shops,
          nicolae_shop_tiny_real_fake_doors
Vaults:1: st_octagons_2, v_misc_26, hangedman_vaults_restitches,
          minmay_orc_keep, v_misc_30, nicolae_vaults_tetromino_Z_2,
          nicolae_vaults_diamond_1, nicolae_vaults_house_3,
          nicolae_vaults_sealed_display, nicolae_vaults_surprise_closet,
          layout_vaults_omnigrid
Vaults:2: nicolae_vaults_trapezoid_lopsided_3, special_room_vaults
          [special_room_orc], v_misc_31, nicolae_vaults_cochlea,
          dpeg_vaults_monster_box, v_misc_15, hangedman_vaults_hat,
          ontoclasm_vaults_pinch, nicolae_vaults_three_branches,
          ontoclasm_vaults_chip, hangedman_vaults_nails,
          nicolae_vaults_hexular_roomagon, vaults_dpeg_cross,
          layout_vaults_omnibox, serial_shops, nicolae_shop_advertising_works
          [nicolae_subvault_shop_adworks]
Vaults:3: nicolae_vaults_big_angled_halls, v_rooms_1, v_alt_pattern_1,
          nicolae_vaults_trapezoid_lopsided_1, nicolae_vaults_statue_guard,
          v_misc_10, nicolae_vaults_six-pack, blue_anna_dwarven_crypt,
          hangedman_vaults_trim, v_pattern_2, nicolae_vaults_sesquioval_fish,
          vaults_room_stairs_pillars, layout_vaults_big_cross, serial_shops,
          nicolae_square_shop, enter_trove_2
Vaults:4: hangedman_vaults_trim, nicolae_vaults_heart-shaped_vault,
          nicolae_vaults_specimen_jars, nicolae_vaults_shipping_containers_2,
          nicolae_vaults_network_star, nicolae_vaults_circle_grid_b,
          nicolae_vaults_swerve, v_misc_25, nicolae_vaults_steering_wheel,
          vaults_room_semicircle, nicolae_vaults_taking_the_gang_shopping,
          nicolae_vaults_little_ls, nicolae_vaults_house_3, layout_vaults_ring,
          serial_shops, shop_statue
Vaults:5: uniq_margery, uniq_saint_roka
Depths:1: layout_honeycomb, minmay_misc_feat_encased, serial_shops,
          bzr_in_the_mist, shop, shop, shop, hell_entry,
          kennysheep_generic_room_9, roderic_lattice_octagonal_star
Depths:2: cheibrodos_leafed_vault, layout_honeycomb, serial_glass,
          glass_columns_b, glass_columns_c, glass_columns_a, glass_columns_b,
          glass_columns_a, glass_columns_b, pan_entry, amcnicky_mini_pool_small,
          hangedman_tar_grid_catacomb, uniq_nikola
Depths:3: minmay_connected_boxes_in_corner, layout_cave_shapes,
          enter_ziggurat_c, corexii_corridor_pit, hell_entry, abyss_entry,
          grunt_pan_entry_spiral, infiniplex_staircase_pillars_2,
          grunt_megastairs_3
Depths:4: evilmike_zot_entry_round, layout_cave_pools, grunt_hell_horde,
          uniq_jory
Zot:1:    layout_basic, regret_index_zotdec_golden_two_three,
          serial_nicolae_subway, nicolae_sub_station_metal,
          nicolae_sub_station_crystal, nicolae_sub_station_stone, uniq_grunn
Zot:2:    layout_gridville
Zot:3:    layout_gridville, regret_index_zotdec_twisting_globes
Zot:4:    layout_cathedral_of_symmetry
Zot:5:    layout_concentric_octagons, uniq_tiamat

Skill      XL: |  1  2  3  4  5  6  7  8  9 10 11 12 13 14 15 16 17 18 19 20 21 22 23 24 25 26 |
---------------+-------------------------------------------------------------------------------+-----
Unarmed Combat | 4 6 8 10 12 14 15 17 18 19 20 | 20.0
Invocations    | 3 4 7 9 11 12 13 | 13.0
Fighting       | 4 6 7 8 10 11 13 15 16 17 18 19 20 | 20.0
Dodging        | 6 8 9 10 11 12 | 12.0
Shapeshifting  | 7 10 12 14 16 18 | 18.8
Throwing       | 3 4 6 9 11 13 15 16 | 16.0
Translocations | 6 7 |  7.0
Shields        | 6 11 14 17 19 20 | 20.8

Action                     |  1- 3 |  4- 6 |  7- 9 | 10-12 | 13-15 | 16-18 | 19-21 | 22-24 | 25-27 || total
---------------------------+-------+-------+-------+-------+-------+-------+-------+-------+-------++-------
  Melee: Unarmed           |    95 |    99 |   211 |   320 |   729 |   993 |   789 |   912 |   368 ||  4516
         Constrict         |       |       |       |       |    42 |   182 |       |       |       ||   224
         Bite              |       |       |       |       |       |    13 |    73 |       |       ||    86
         Tailslap          |       |       |       |       |       |     6 |   110 |       |       ||   116
         Punch             |       |       |       |       |       |     6 |    75 |       |       ||    81
         Kick              |       |       |       |       |       |       |       |       |    90 ||    90
  Throw: Stone             |       |       |     4 |    10 |       |       |       |       |       ||    14
         Boomerang         |       |       |     1 |     7 |    15 |       |       |     6 |       ||    29
         Dart              |       |       |       |    16 |     2 |       |       |       |       ||    18
         Large rock        |       |       |       |       |       |       |       |    22 |     1 ||    23
         Javelin           |       |       |       |       |       |       |       |     5 |     5 ||    10
   Cast: Lesser Beckoning  |       |       |       |       |       |       |   154 |   161 |    42 ||   357
 Invoke: Slouch            |       |       |       |     1 |     4 |    15 |     2 |     6 |     4 ||    32
         Bend Time         |       |       |       |     1 |     2 |       |       |       |       ||     3
         Temporal Distorti |       |       |       |       |     1 |       |     1 |       |       ||     2
         Step From Time    |       |       |       |       |       |       |       |       |     1 ||     1
Ability: Breathe Fire      |       |       |       |       |       |     9 |    19 |       |       ||    28
         Begin Untransform |       |       |       |       |       |       |     1 |       |       ||     1
  Evoke: Wand              |       |       |       |       |       |       |       |     1 |     2 ||     3
    Use: Scroll            |       |       |    14 |    10 |    11 |    11 |     4 |     8 |     6 ||    64
         Potion            |       |       |     1 |     1 |       |    10 |     5 |     9 |     6 ||    32
   Stab: Sleeping          |       |       |       |       |     1 |     7 |     5 |     1 |       ||    14
         Distracted        |       |       |       |       |       |     3 |     3 |     3 |       ||     9
 Armour: Robe              |    45 |    35 |   121 |   127 |       |       |       |       |       ||   328
         Troll leather arm |       |       |       |    81 |   339 |       |       |       |       ||   420
         Skin              |       |       |       |    15 |   136 |   842 |   508 |   461 |   256 ||  2218
  Dodge: Dodged            |    51 |    34 |    99 |   284 |   664 |  1134 |   692 |   724 |   381 ||  4063
  Block: Tower shield      |       |       |       |       |       |       |   139 |  1162 |   593 ||  1894
   Form: Serpent           |       |       |       |       |     2 |       |       |       |       ||     2
                           |       |       |       |       |     1 |       |     3 |       |       ||     4
         Maw               |       |       |       |       |     1 |       |       |       |       ||     1
         Dragon            |       |       |       |       |       |     1 |     1 |       |       ||     2
         Statue            |       |       |       |       |       |       |     4 |       |       ||     4
         Storm             |       |       |       |       |       |       |     1 |       |       ||     1

Table legend: (Time is in decaauts)
 A = Elapsed time spent in this place.
 B = Non-inter-level travel time spent in this place.
 C = Inter-level travel time spent in this place.
 D = Time resting spent in this place.
 E = Time spent auto-exploring this place.
 F = Levels seen in this place.
 G = Mean time per level.
                   A        B        C        D        E       F      G
               +--------+--------+--------+--------+--------+-----+--------+
         Total | 103961 |  94280 |   9681 |  15075 |  46280 |  51 | 2038.5 |
       Dungeon |  20965 |  17689 |   3276 |    693 |  13866 |  15 | 1397.7 |
        Temple |     22 |     10 |     12 |      0 |      0 |   1 |   22.0 |
          Lair |   9043 |   8337 |    706 |    393 |   6300 |   5 | 1808.6 |
         Swamp |   7743 |   7419 |    324 |   1055 |   4120 |   4 | 1935.8 |
   Spider Nest |   5927 |   5418 |    509 |    957 |   2993 |   4 | 1481.8 |
  Orcish Mines |   2964 |   2346 |    618 |    204 |   1442 |   2 | 1482.0 |
   Elven Halls |   6733 |   6363 |    370 |   1499 |   2940 |   3 | 2244.3 |
        Vaults |  18412 |  16932 |   1480 |   4045 |   5555 |   5 | 3682.4 |
        Depths |  14095 |  12586 |   1509 |   2044 |   4660 |   4 | 3523.8 |
           Zot |  17034 |  16162 |    872 |   4051 |   4203 |   5 | 3406.8 |
        Bazaar |    226 |    226 |      0 |      0 |      0 |   1 |  226.0 |
         Trove |    112 |    112 |      0 |      0 |      0 |   1 |  112.0 |
        Bailey |    679 |    679 |      0 |    131 |    200 |   1 |  679.0 |
               +--------+--------+--------+--------+--------+-----+--------+

Top non-repeatable levels by time:
Vaults:5: 6053 daAuts
Depths:2: 4912 daAuts
   Zot:4: 4695 daAuts
   Zot:1: 4224 daAuts
Depths:1: 3465 daAuts
Vaults:3: 3398 daAuts
Vaults:1: 3122 daAuts
 Swamp:1: 2989 daAuts
Vaults:4: 2947 daAuts
Depths:3: 2942 daAuts
Vaults:2: 2889 daAuts
Depths:4: 2775 daAuts
   Zot:5: 2755 daAuts
   Zot:3: 2696 daAuts
   Elf:3: 2667 daAuts
